 Dungeon Crawl Stone Soup version 0.26-b1-32-g5d43845318 (webtiles) character file.

Game seed: 3596984146116189770

2364 dohliylev the Tainter (level 9, 0/39 HPs)
             Began as a Spriggan Venom Mage on Jan 12, 2021.
             Was a Follower of Sif Muna.
             Succumbed to a scorpion's poison
             ... on level 8 of the Dungeon.
             The game lasted 00:43:38 (10184 turns).

dohliylev the Tainter (Spriggan Venom Mage)        Turns: 10184, Time: 00:43:39

Health: 0/39       AC:  9    Str:  4    XL:     9   Next: 21%
Magic:  17/17      EV: 21    Int: 22    God:    Sif Muna [*.....]
Gold:   309        SH:  0    Dex: 17    Spells: 12/18 levels left

rFire    + . .     SeeInvis +   k - +6 dagger of Melee {holy, Int+3}
rCold    . . .     Faith    .   (shield restricted)
rNeg     . . .     Spirit   .   a - +0 robe
rPois    .         Reflect  .   (helmet restricted)
rElec    .         Harm     .   B - +2 cloak
rCorr    .         Rampage  .   (gloves unavailable)
Will     +....                  (boots unavailable)
Stlth    ++........             e - amulet of regeneration
HPRegen  0.53/turn              u - ring of protection from fire
MPRegen  0.15/turn              y - +4 ring of protection

@: lethally poisoned (0 -> -1), very quick
A: very small, unfitting armour, see invisible, speed 3
a: Renounce Religion, Channel Magic


You were on level 8 of the Dungeon.
You worshipped Sif Muna.
Sif Muna was aware of your devotion.
You visited 2 branches of the dungeon, and saw 9 of its levels.

You collected 309 gold pieces.

Inventory:

Hand Weapons
 k - the +6 dagger of Melee (weapon) {holy, Int+3}
   (You found it on level 6 of the Dungeon)

   It has been blessed by the Shining One to cause great damage to the undead
   and demons.
   It affects your intelligence (+3).
Armour
 a - a +0 robe (worn)
 B - a +2 cloak (worn)
Jewellery
 e - an amulet of regeneration (around neck)
 p - an uncursed ring of poison resistance {unknown}
 u - a ring of protection from fire (left hand)
 y - a +4 ring of protection (right hand)
Wands
 v - a wand of iceblast (11)
 z - a wand of random effects (8)
 C - a wand of paralysis (9)
Scrolls
 b - 13 scrolls of identify
 c - 2 scrolls of immolation
 i - 2 scrolls of amnesia
 j - 6 scrolls of teleportation
 l - 2 scrolls of remove curse
 m - a scroll of enchant armour {unknown}
 o - a scroll of blinking {unknown}
 w - 2 scrolls of magic mapping {unknown}
 E - a scroll of random uselessness {unknown}
Potions
 d - 2 potions of ambrosia {unknown}
 f - a potion of flight {unknown}
 g - 4 potions of curing {unknown}
 h - 2 potions of attraction {unknown}
 n - 2 potions of magic {unknown}
 q - 2 potions of cancellation {unknown}
 r - 3 potions of heal wounds {unknown}
 s - 2 potions of lignification {unknown}
 t - a potion of resistance
 x - 2 potions of brilliance {unknown}
 A - 2 potions of mutation {unknown}
 D - a potion of degeneration {unknown}


   Skills:
 - Level 0.1 Short Blades
 + Level 5.9 Dodging
 - Level 3.1 Stealth
 - Level 5.0 Spellcasting
 - Level 1.8 Transmutations
 + Level 11.4 Poison Magic


You had 12 spell levels left.
You knew the following spells:

 Your Spells              Type           Power        Failure   Level
a - Sting                 Tmut/Pois      100%         1%          1
b - Poisonous Vapours     Pois/Air       60%          1%          2
c - Mephitic Cloud        Conj/Pois/Air  22%          6%          3

Your spell library contained the following spells:

 Spells                   Type           Power        Failure   Level
 Olgreb's Toxic Radiance  Pois           54%          1%          4
 Ignite Poison            Fire/Tmut/Pois 24%          4%          3
 Magic Dart               Conj           20%          10%         1
 Blink                    Tloc           N/A          16%         2
 Call Imp                 Summ           5%           16%         2
 Slow                     Hex            5%           16%         2
 Conjure Flame            Conj/Fire      5%           30%         3
 Freezing Cloud           Conj/Ice/Air   2%           100%        6


Dungeon Overview and Level Annotations

Branches:
Dungeon (8/15)             Temple (1/1) D:6
   Lair: D:8-11

Altars:
Ashenzari
Cheibriados
Elyvilon
Fedhas
Gozag
Hepliaklqana
Kikubaaqudgha
Makhleb
Nemelex Xobeh
Okawaru
Qazlal
Ru
Sif Muna
Trog
Uskayaw
Vehumet
Wu Jian
Xom
Yredelemnul
Zin
The Shining One


Innate Abilities, Weirdness & Mutations

You are very small and have problems with some larger weapons.
You are too small for most types of armour.
You have supernaturally acute eyesight. (SInv)
You cover ground extremely quickly.


Message History

You feel sick.
* * * LOW HITPOINT WARNING * * *
You feel sick.
* * * LOW HITPOINT WARNING * * *
You feel sick.
* * * LOW HITPOINT WARNING * * *
You feel sick.
* * * LOW HITPOINT WARNING * * *
You feel sick.
* * * LOW HITPOINT WARNING * * *
You feel sick.
* * * LOW HITPOINT WARNING * * *
You feel sick.
* * * LOW HITPOINT WARNING * * *
You feel sick.
* * * LOW HITPOINT WARNING * * *
You feel sick.
* * * LOW HITPOINT WARNING * * *
You feel sick.
You die...

#.# #.#.# #.# #.#.# #. #.#
#.#.# .. #.# #.#.# .# #.#
########.#.# .# #.#
#........#.# .# #.#
######.########.# .#
#.###.....)...#####.#
.####..##.####..@.[[....#
.##..............รท#######
.##.##.##.######..#
.##)##.##.# #..#
)##.##.##.# #..#
)...##.##.######..#
######.##.........# ###
#.#########.## ..## #.#
#.#


There were no monsters in sight!

Vanquished Creatures
  Sigmund (D:5)
  An orc warrior (D:6)
  3 ogres
  A phantom (D:7)
  3 centaurs
  2 bullfrogs (D:6)
  3 scorpions
  5 wights (D:8)
  A quasit (D:5)
  A centaur zombie (D:6)
  4 orc priests
  Crazy Yiuf (D:5)
  3 hounds
  7 orc wizards
  A bullfrog skeleton (D:7)
  Terence (D:2)
  4 worker ants
  A hound zombie (D:7)
  2 hound skeletons
  A worker ant zombie (D:6)
  9 adders
  11 gnolls
  2 shadow imps
  A white imp (D:8)
  An ufetubus (D:5)
  2 oozes
  2 adder skeletons
  2 adder zombies
  5 dart slugs
  3 leopard geckos
  22 orcs
  3 ball pythons
  4 giant cockroaches
  15 goblins
  8 hobgoblins
  4 jackals
  5 kobolds
  3 quokkas
  8 bats
  4 frilled lizards
  2 jackal skeletons
  9 rats
171 creatures vanquished.

Vanquished Creatures (others)
  A bat (D:1)
  A fungus (D:5)
  19 plants (D:2)
21 creatures vanquished.

Grand Total: 192 creatures vanquished

Notes
Turn   | Place    | Note
-------+----------+-------------------------------------------
     0 | D:1      | dohliylev the Spriggan Venom Mage began the quest for the
                  | Orb.
     0 | D:1      | Reached XP level 1. HP: 9/9 MP: 5/5
   168 | D:1      | Reached XP level 2. HP: 13/13 MP: 2/6
   333 | D:1      | Learned a level 2 spell: Poisonous Vapours
   847 | D:1      | Reached XP level 3. HP: 16/16 MP: 5/8
  1332 | D:2      | Noticed Terence
  1338 | D:2      | Killed Terence
  1339 | D:2      | Reached skill level 4 in Poison Magic
  1357 | D:2      | Reached XP level 4. HP: 21/21 MP: 0/10
  2743 | D:3      | Reached XP level 5. HP: 20/24 MP: 2/12
  3199 | D:3      | Reached skill level 5 in Spellcasting
  3590 | D:3      | Found a blossoming altar of Fedhas.
  3882 | D:4      | Reached skill level 5 in Poison Magic
  4056 | D:4      | Noticed a phantom
  4558 | D:4      | Learned a level 3 spell: Mephitic Cloud
  4646 | D:5      | Entered Level 5 of the Dungeon
  4646 | D:5      | Noticed Sigmund
  4828 | D:5      | Reached XP level 6. HP: 27/28 MP: 4/14
  5004 | D:5      | Killed Sigmund
  5005 | D:5      | Reached skill level 6 in Poison Magic
  5791 | D:5      | Reached XP level 7. HP: 31/32 MP: 10/15
  5858 | D:5      | Reached skill level 7 in Poison Magic
  5958 | D:5      | Found a runed translucent door.
  5959 | D:5      | Noticed Crazy Yiuf
  6438 | D:5      | Killed Crazy Yiuf
  6529 | D:6      | Got a faintly glowing dagger
  6530 | D:6      | Identified the +6 dagger of Melee {holy, Int+3} (You found
                  | it on level 6 of the Dungeon)
  6776 | D:6      | Reached skill level 8 in Poison Magic
  7168 | D:6      | Reached XP level 8. HP: 36/36 MP: 9/16
  7454 | D:6      | Found a staircase to the Ecumenical Temple.
  7487 | Temple   | Entered the Ecumenical Temple
  7508 | Temple   | Became a worshipper of Sif Muna the Loreminder
  7908 | D:6      | Reached skill level 9 in Poison Magic
  8748 | D:7      | Reached skill level 5 in Dodging
  8834 | D:7      | Reached skill level 10 in Poison Magic
  8958 | D:7      | Reached * piety under Sif Muna
  9029 | D:7      | Found a blossoming altar of Fedhas.
  9621 | D:8      | Reached XP level 9. HP: 31/39 MP: 11/17
  9778 | D:8      | Reached skill level 11 in Poison Magic
 10182 | D:8      | HP: 1/39 [poisoned by a scorpion]
 10184 | D:8      | Succumbed to a scorpion's poison

Illustrated notes

Levels and vault maps discovered:
D:1:      minmay_arrival_stair_chambers, layout_loops_ring
D:2:      layout_basic, serial_bayou, serial_bayou_shore_b, serial_bayou_pond_d,
          serial_bayou_pond_c, serial_bayou_shore_b, serial_bayou_pond_a,
          grunt_ministairs_15, minmay_diced_spiral, uniq_terence
D:3:      layout_loops_ring, kennysheep_flooded_box
D:4:      layout_gridville
D:5:      layout_basic, uniq_crazy_yiuf_cottage, uniq_sigmund
D:6:      layout_basic, minmay_temple_entry_arrows
D:7:      layout_layer_cave, fedhas_ov_isle_minmay
D:8:      layout_loops_ring
Temple:   compressed_dpeg_triangle_lava_temple

Skill      XL: |  1  2  3  4  5  6  7  8  9 |
---------------+----------------------------+-----
Spellcasting   | 3 4 5 |  5.0
Poison Magic   | 4 5 6 8 10 11 | 11.4
Dodging        | 4 5 |  5.9
Short Blades   | |  0.1
Stealth        | |  3.1
Transmutations | |  1.8

Action                   |  1- 3 |  4- 6 |  7- 9 || total
-------------------------+-------+-------+-------++-------
Melee: Unarmed           |     9 |     3 |       ||    12
       Dagger            |       |    44 |   130 ||   174
 Cast: Sting             |    41 |    81 |    72 ||   194
       Poisonous Vapours |    13 |    73 |    82 ||   168
Evoke: Wand              |       |     1 |     1 ||     2
  Use: Scroll            |       |       |     5 ||     5
 Stab: Sleeping          |       |     2 |     2 ||     4
Armor: Robe              |     2 |     3 |    23 ||    28
Dodge: Dodged            |    26 |    64 |   107 ||   197
